[Event "TOP 16 Clichy"]
[Site "Clichy"]
[Date "2009.03.20"]
[Round "1.1"]
[White "Jakoovenko, D."]
[Black "Bacrot, E."]
[Result "1/2-1/2"]
[ECO "B32"]
[WhiteElo "2760"]
[BlackElo "2722"]
[PlyCount "33"]
[EventDate "2009.??.??"]
[TimeControl "6000"]

1. e4 c5 2. Nf3 Nc6 3. d4 cxd4 4. Nxd4 e5 5. Nb5 d6 6. c4 Be7 7. N1c3 a6 8. Na3
Be6 9. Nc2 Rc8 10. b3 Nf6 11. Be2 O-O 12. Bd2 Nd4 13. O-O Nxe2+ 14. Qxe2 b5 15.
Ne3 Qd7 16. Rac1 Qb7 17. Ned5 1/2-1/2

[Event "TOP 16"]
[Site "Clichy"]
[Date "2009.03.20"]
[Round "1.3"]
[White "Naiditsch 2693, A."]
[Black "Nataf, I.A."]
[Result "1-0"]
[ECO "B30"]
[WhiteElo "2693"]
[BlackElo "2533"]
[PlyCount "105"]
[EventDate "2009.03.21"]
[TimeControl "6000"]

1. e4 c5 2. Nf3 Nc6 3. Bb5 e6 4. Bxc6 bxc6 5. b3 Qc7 6. O-O Be7 7. Re1 Nh6 8.
d4 cxd4 9. Qxd4 f6 10. Bxh6 gxh6 11. c4 c5 12. Qe3 Bf8 13. Nc3 Bb7 14. Nb5 Qb8
15. Qc3 Rg8 16. Rad1 a6 17. Qd3 Rg7 18. Nc3 Qf4 19. Re3 h5 20. a3 Rd8 21. h3
Kf7 22. Ne1 Be7 23. Qe2 Qh6 24. Kh1 Kg8 25. Red3 Bc6 26. Nc2 a5 27. Ne3 Qg5 28.
f3 Kh8 29. Nb5 Ra8 30. a4 Qe5 31. Qe1 Qf4 32. R1d2 f5 33. exf5 Bh4 34. Qa1 Rf8
35. fxe6 dxe6 36. Nf1 Bf6 37. Qe1 e5 38. Nc3 Bh4 39. Qe3 Qxe3 40. Nxe3 Be1 41.
Re2 Bxc3 42. Rxc3 e4 43. fxe4 Bxe4 44. Nd5 Bg6 45. Ne7 Rf1+ 46. Kh2 h4 47.
Nxg6+ Rxg6 48. Rd3 Rb6 49. Re7 Kg8 50. Rc7 Rf2 51. Rd8+ Rf8 52. Rdd7 Rg6 53.
Rxc5 1-0

[Event "TOP 16"]
[Site "Clichy"]
[Date "2009.03.20"]
[Round "1.4"]
[White "Miton, K."]
[Black "Maze, S."]
[Result "1/2-1/2"]
[ECO "E01"]
[WhiteElo "2595"]
[BlackElo "2578"]
[PlyCount "81"]
[EventDate "2009.03.21"]
[TimeControl "6000"]

1. d4 Nf6 2. c4 e6 3. g3 c5 4. Nf3 cxd4 5. Nxd4 d5 6. Bg2 e5 7. Nf3 e4 8. Nd4
dxc4 9. O-O Bc5 10. Qa4+ Nbd7 11. Qxc4 a6 12. Nb3 Be7 13. Nc3 Nb6 14. Qd4 Bf5
15. Qe5 Bg6 16. Nxe4 O-O 17. Nec5 Nc4 18. Qf4 b5 19. Nb7 Qb6 20. Qd4 Qe6 21.
Bg5 h6 22. Bf4 Rac8 23. Rad1 Ne4 24. Qd7 Nxb2 25. Qxe6 fxe6 26. Rd7 Bf6 27. Nd6
Nxd6 28. Rxd6 e5 29. Bc1 Na4 30. Bd2 Rc2 31. Rxa6 Rxa2 32. Bd5+ Bf7 33. Bxf7+
Rxf7 34. Rb1 Rd7 35. Bxh6 Rxe2 36. Be3 e4 37. Nc5 Nxc5 38. Bxc5 Rb7 39. Ra3 Rc2
40. Be3 Be7 41. Ra5 1/2-1/2

[Event "TOP 16"]
[Site "Clichy"]
[Date "2009.03.20"]
[Round "1.5"]
[White "Fressinet, L."]
[Black "Degraeve, J.M."]
[Result "1/2-1/2"]
[ECO "D27"]
[WhiteElo "2666"]
[BlackElo "2553"]
[PlyCount "146"]
[EventDate "2009.03.21"]
[TimeControl "6000"]

1. d4 d5 2. c4 dxc4 3. Nf3 Nf6 4. e3 e6 5. Bxc4 c5 6. O-O a6 7. Bb3 Be7 8. Nc3
O-O 9. Qe2 Nc6 10. Rd1 cxd4 11. Nxd4 Qc7 12. Nxc6 Qxc6 13. e4 b5 14. Bg5 h6 15.
Bh4 Bb7 16. Rac1 Qe8 17. Bg3 Rc8 18. a3 Nd7 19. Ba2 Nb6 20. Bf4 Nc4 21. a4 Bf6
22. Bxc4 bxc4 23. Bd6 Be7 24. Qe3 Rc6 25. Bxe7 Qxe7 26. Qd4 Qc5 27. Qxc5 Rxc5
28. Rd7 Rb8 29. Rcd1 Rcc8 30. R1d2 Bc6 31. R7d4 Be8 32. Rd6 a5 33. Ra6 Bxa4 34.
Rxa5 Bb3 35. Kf1 Rd8 36. Ke2 Rxd2+ 37. Kxd2 Rd8+ 38. Ke3 g5 39. f3 Kg7 40. h4
Kg6 41. hxg5 hxg5 42. Ra1 Kf6 43. Rh1 Kg6 44. Re1 Kf6 45. Rh1 Kg6 46. Ke2 Bc2
47. Ra1 Bd3+ 48. Ke3 Rb8 49. Ra2 f5 50. exf5+ exf5 51. g3 Bf1 52. Kf2 Bd3 53.
Ke3 Bf1 54. Nd5 Rb3+ 55. Kf2 Bd3 56. Ra6+ Kh5 57. Nf6+ Kg6 58. Nd5+ Kh5 59. Rb6
Rxb6 60. Nxb6 f4 61. g4+ Kg6 62. Nd7 Kf7 63. Ke1 Ke6 64. Nc5+ Kd5 65. b4 Kd4
66. Nxd3 cxd3 67. Kd2 Kc4 68. b5 Kxb5 69. Kxd3 Kc5 70. Ke4 Kc4 71. Kf5 Kd3 72.
Kxg5 Ke3 73. Kh6 Kxf3 1/2-1/2

[Event "Top 16"]
[Site "Clichy"]
[Date "2009.03.20"]
[Round "1.6"]
[White "Marzolo, C."]
[Black "Pelletier, Y."]
[Result "0-1"]
[ECO "E16"]
[WhiteElo "2484"]
[BlackElo "2560"]
[PlyCount "80"]
[EventDate "2009.??.??"]
[TimeControl "6000"]

1. d4 Nf6 2. Nf3 e6 3. c4 b6 4. g3 Bb4+ 5. Nbd2 Bb7 6. Bg2 O-O 7. O-O a5 8. Qc2
c5 9. a3 Bxd2 10. Qxd2 a4 11. Rd1 Qc8 12. Qe3 Na6 13. b3 cxd4 14. Rxd4 axb3 15.
Qxb3 Nc5 16. Qe3 Qc7 17. Rb1 d6 18. Bb2 e5 19. Rdd1 Ng4 20. Qc1 Ne4 21. Rf1 Qc5
22. Qe1 Ra4 23. h3 Ngf6 24. Bc1 Ba6 25. Nd2 Nxd2 26. Bxd2 Rxc4 27. Be3 Qc8 28.
Rxb6 Rc2 29. Qb4 d5 30. Qa5 Bxe2 31. Rfb1 d4 32. Bg5 Qf5 33. Bd2 h5 34. Re1 d3
35. Qb4 Rfc8 36. Rb8 Rxb8 37. Qxb8+ Kh7 38. Qb4 Bf3 39. Rxe5 Qxe5 40. Bxf3 Qb2
0-1

[Event "TOP 16"]
[Site "Clichy"]
[Date "2009.03.20"]
[Round "1.7"]
[White "Edouard, R."]
[Black "Gozzoli, Y."]
[Result "1/2-1/2"]
[ECO "E43"]
[WhiteElo "2562"]
[BlackElo "2503"]
[PlyCount "83"]
[EventDate "2009.03.21"]
[TimeControl "6000"]

1. d4 Nf6 2. c4 e6 3. Nc3 Bb4 4. Nf3 b6 5. e3 Bb7 6. Bd3 c5 7. O-O O-O 8. Na4
cxd4 9. exd4 Be7 10. Bf4 d6 11. b4 Nbd7 12. Rb1 Re8 13. Re1 Nf8 14. Nc3 Ng6 15.
Be3 Rc8 16. d5 exd5 17. Nxd5 Nxd5 18. cxd5 Bf6 19. Bb5 Re7 20. Ba4 Nh4 21. Nxh4
Bxh4 22. Qf3 Rc4 23. Bc6 Bc8 24. Bd2 Rd4 25. Rxe7 Bxe7 26. Bc3 Bg4 27. Qe3 Rd1+
28. Rxd1 Bxd1 29. a4 h6 30. a5 Bf6 31. Bxf6 Qxf6 32. axb6 axb6 33. Qxb6 Qa1 34.
f3 Bb3+ 35. Kf2 Qb2+ 36. Kg3 Qe5+ 37. Kf2 Qb2+ 38. Kg3 Qe5+ 39. f4 Qc3+ 40. Kf2
Qd2+ 41. Kg3 Qc3+ 42. Kf2 1/2-1/2

[Event "Top 16"]
[Site "Clichy"]
[Date "2009.03.21"]
[Round "2.1"]
[White "Naiditsch, A."]
[Black "San Emeterio, J.L."]
[Result "1-0"]
[ECO "B30"]
[WhiteElo "2693"]
[BlackElo "2392"]
[PlyCount "56"]
[EventDate "2009.??.??"]
[TimeControl "6000"]

1. e4 c5 2. Nf3 Nc6 3. Nc3 e5 4. Bc4 Be7 5. d3 Nf6 6. O-O O-O 7. Ng5 h6 8. f4
d6 9. Nh3 Bg4 10. Qe1 Nd4 11. Qf2 Bxh3 12. gxh3 exf4 13. Bxf4 Nh5 14. Be3 Ne6
15. Kh1 Bg5 16. Nd5 Kh8 17. Rg1 f5 18. exf5 g6 19. Bxg5 Nxg5 20. h4 Rxf5 21.
Qg2 Nf3 22. Qxg6 Qf8 23. Ne7 Nxh4 24. Qxf5 Qxf5 25. Nxf5 Nxf5 26. Raf1 Nhg7 27.
Bd5 Re8 28. Be4 Ne3 1-0

[Event "Top 16"]
[Site "Clichy"]
[Date "2009.03.21"]
[Round "2.3"]
[White "Maze, S."]
[Black "Carpentier, P."]
[Result "1-0"]
[ECO "C16"]
[WhiteElo "2578"]
[BlackElo "2236"]
[PlyCount "61"]
[EventDate "2009.??.??"]
[TimeControl "6000"]

1. e4 e6 2. d4 d5 3. Nc3 Bb4 4. e5 b6 5. a3 Bf8 6. Nf3 Qd7 7. h4 Ne7 8. Bd3 h6
9. Ne2 Ba6 10. Bxa6 Nxa6 11. Qd3 Nb8 12. Ng3 c5 13. dxc5 bxc5 14. c4 Nbc6 15.
O-O Rd8 16. Re1 dxc4 17. Qxc4 Qd5 18. Qa4 Nc8 19. Nh5 c4 20. Be3 Nb6 21. Bxb6
axb6 22. Rad1 b5 23. Qa6 Qxd1 24. Rxd1 Rxd1+ 25. Kh2 Ne7 26. Qxb5+ Rd7 27. Nd2
Nd5 28. Nxc4 Kd8 29. Qb8+ Ke7 30. Nd6 Nc7 31. Nc8+ 1-0

[Event "Top 16"]
[Site "Clichy"]
[Date "2009.03.21"]
[Round "2.5"]
[White "Pelletier, Y."]
[Black "Wunderman, X."]
[Result "1-0"]
[ECO "B10"]
[WhiteElo "2560"]
[BlackElo "2183"]
[PlyCount "88"]
[EventDate "2009.??.??"]
[TimeControl "6000"]

1. c4 c6 2. e4 d5 3. exd5 cxd5 4. cxd5 Nf6 5. Nc3 Nxd5 6. Nf3 Nc6 7. Bb5 e6 8.
O-O Be7 9. d4 O-O 10. Re1 a6 11. Bxc6 bxc6 12. Na4 Rb8 13. Bd2 Rb5 14. Qc2 Nb4
15. Bxb4 Bxb4 16. Red1 Bd6 17. Nc5 Qb6 18. Ng5 g6 19. Nge4 Qc7 20. Nxd6 Qxd6
21. Qc3 Qd5 22. b4 Rd8 23. a4 Rb8 24. Rd3 Rb6 25. h3 Bb7 26. Re1 Rb8 27. Ne4
Kg7 28. a5 Rb5 29. Qb2 Kf8 30. Rf3 Bc8 31. Qd2 g5 32. Nc3 Qd8 33. Nxb5 cxb5 34.
Rg3 h6 35. h4 f6 36. hxg5 hxg5 37. d5 exd5 38. Qd4 Qd6 39. Rge3 Bd7 40. Re6
Bxe6 41. Qxf6+ Kg8 42. Qg6+ Kh8 43. Qh6+ Kg8 44. Rxe6 Ra8 1-0

[Event "Top 16"]
[Site "Clichy"]
[Date "2009.03.21"]
[Round "2.6"]
[White "Lamorelle, J."]
[Black "Tregubov, P."]
[Result "1/2-1/2"]
[ECO "B47"]
[WhiteElo "2170"]
[BlackElo "2647"]
[PlyCount "108"]
[EventDate "2009.??.??"]
[TimeControl "6000"]

1. e4 c5 2. Nf3 e6 3. d4 cxd4 4. Nxd4 Nc6 5. Nc3 Qc7 6. Be2 a6 7. Nxc6 bxc6 8.
O-O d5 9. Bf3 Bd6 10. Re1 Ne7 11. g3 O-O 12. Qe2 a5 13. Be3 Ba6 14. Qd2 Ng6 15.
Be2 Ne5 16. Bd4 Rfd8 17. Bxe5 Bxe5 18. Bxa6 Rxa6 19. exd5 cxd5 20. Qe2 Bxc3 21.
Qxa6 Bxe1 22. Rxe1 Qxc2 23. Qxa5 Rc8 24. Qb4 h5 25. h4 Qd3 26. Qf4 Rc4 27. Qb8+
Kh7 28. Qe5 Qf3 29. Qe3 Qf6 30. b3 Rg4 31. Qd3+ g6 32. a4 Rb4 33. Rb1 Qd8 34.
Qc3 Qe7 35. a5 d4 36. Qf3 e5 37. Qd5 e4 38. a6 e3 39. Re1 Qa7 40. Kg2 Rb8 41.
fxe3 dxe3 42. Rf1 Kg7 43. b4 Re8 44. Qb7 Qxb7+ 45. axb7 Rb8 46. Kf3 Rxb7 47.
Rb1 Kf6 48. Kxe3 Ke5 49. b5 Rb6 50. Kf3 Kd5 51. Kf4 f6 52. g4 hxg4 53. Kxg4 Kc5
54. h5 gxh5+ 1/2-1/2

[Event "Top 16"]
[Site "Clichy"]
[Date "2009.03.21"]
[Round "2.7"]
[White "Skripchenko, A."]
[Black "Malekin, N."]
[Result "1-0"]
[ECO "C95"]
[WhiteElo "2454"]
[BlackElo "2173"]
[PlyCount "61"]
[EventDate "2009.??.??"]
[TimeControl "6000"]

1. e4 e5 2. Nf3 Nc6 3. Bb5 a6 4. Ba4 Nf6 5. O-O Be7 6. Re1 b5 7. Bb3 d6 8. c3
O-O 9. h3 Nb8 10. d4 Nbd7 11. Nbd2 Bb7 12. a4 c5 13. Bc2 Qc7 14. d5 c4 15. Nf1
Nc5 16. Ng3 g6 17. Bh6 Rfb8 18. Nd2 Bc8 19. Rb1 Bd7 20. axb5 axb5 21. f4 Ra2
22. Kh2 Na4 23. Qc1 Bf8 24. Bxf8 Kxf8 25. Nf3 Re8 26. fxe5 dxe5 27. Qh6+ Kg8
28. Bxa4 bxa4 29. Ng5 Qb6 30. Rf1 Re7 31. Nh5 1-0

[Event "Top 16"]
[Site "Clichy"]
[Date "2009.03.22"]
[Round "3.3"]
[White "Marcelin, C."]
[Black "Naiditsch, A."]
[Result "1/2-1/2"]
[ECO "C28"]
[WhiteElo "2495"]
[BlackElo "2693"]
[PlyCount "72"]
[EventDate "2009.??.??"]
[TimeControl "6000"]

1. e4 e5 2. Bc4 Nf6 3. d3 Nc6 4. Nc3 Bb4 5. Nge2 d5 6. exd5 Nxd5 7. O-O Nb6 8.
Bb3 O-O 9. f4 Bg4 10. h3 a5 11. hxg4 Bc5+ 12. Rf2 a4 13. Bc4 Bxf2+ 14. Kxf2
Qh4+ 15. Kf1 Nxc4 16. dxc4 Rad8 17. Nd5 Nd4 18. Be3 c6 19. Bxd4 exd4 20. Nb4
Rfe8 21. Nd3 Re3 22. g5 Qh2 23. Qd2 Rde8 24. Ng1 R8e4 25. Qf2 c5 26. b3 a3 27.
Rb1 g6 28. Rc1 b6 29. Rb1 Kg7 30. Rc1 h5 31. Nf3 Qh1+ 32. Qg1 Rxf3+ 33. gxf3
Qxf3+ 34. Qf2 Qh1+ 35. Qg1 Qf3+ 36. Qf2 Qh1+ 1/2-1/2

[Event "Top 16"]
[Site "Clichy"]
[Date "2009.03.22"]
[Round "3.4"]
[White "Tregubov, P."]
[Black "Aguettaz, M."]
[Result "1-0"]
[ECO "E68"]
[WhiteElo "2647"]
[BlackElo "2396"]
[PlyCount "153"]
[EventDate "2009.??.??"]
[TimeControl "6000"]

1. d4 Nf6 2. c4 g6 3. g3 Bg7 4. Bg2 d6 5. Nc3 O-O 6. Nf3 Nbd7 7. O-O e5 8. e4
a6 9. Re1 exd4 10. Nxd4 Ng4 11. h3 Qf6 12. hxg4 Qxd4 13. Nd5 c6 14. Ne7+ Kh8
15. Bf4 Qxd1 16. Raxd1 Ne5 17. Nxc8 Raxc8 18. b3 Rfd8 19. Bd2 b6 20. Bg5 Rd7
21. Re2 c5 22. Red2 h6 23. Be3 Rcd8 24. g5 hxg5 25. Bxg5 f6 26. Be3 g5 27. f3
Bf8 28. Kf1 Rh7 29. f4 Ng4 30. Bg1 gxf4 31. gxf4 Be7 32. Bf3 Rg8 33. Rg2 Rh4
34. a3 Nh6 35. Rxg8+ Kxg8 36. Kg2 Nf7 37. Kg3 Rh7 38. b4 Rg7+ 39. Kf2 Nd8 40.
bxc5 bxc5 41. Bh2 Ne6 42. e5 Nd4 43. Bd5+ Kh7 44. Rh1 f5 45. Bg3+ Kg6 46. Rb1
dxe5 47. fxe5 Bg5 48. Rg1 f4 49. Bxf4 Kf5 50. Bxg5 Rxg5 51. Be4+ Kf4 52. Rxg5
Kxg5 53. Ke3 Ne6 54. Bd5 Nc7 55. Ke4 Kg6 56. Kf4 Ne8 57. Be6 Nc7 58. Bh3 Kf7
59. Bf5 Ke7 60. Ke4 Kf7 61. Bc8 Ke7 62. e6 Nxe6 63. Kd5 Nf4+ 64. Kxc5 a5 65.
Kb5 Kd6 66. c5+ Kc7 67. Bf5 Ne2 68. Kxa5 Nd4 69. Be4 Ne6 70. Kb5 Ng5 71. Bd5
Nh7 72. a4 Nf6 73. Bf3 Ng8 74. a5 Ne7 75. a6 Nc8 76. Bb7 Ne7 77. Ka5 1-0

[Event "Top 16"]
[Site "Clichy"]
[Date "2009.03.22"]
[Round "3.5"]
[White "Clery, N."]
[Black "Edouard, R."]
[Result "1-0"]
[ECO "E43"]
[WhiteElo "2373"]
[BlackElo "2562"]
[PlyCount "59"]
[EventDate "2009.??.??"]
[TimeControl "6000"]

1. d4 Nf6 2. c4 e6 3. Nc3 Bb4 4. e3 b6 5. Bd3 Bb7 6. Nge2 Bxg2 7. Rg1 Bf3 8.
Bd2 Bxc3 9. Bxc3 Ne4 10. Bxe4 Bxe4 11. Rxg7 d6 12. Nf4 Qf6 13. Rg3 Nd7 14. Qa4
Ke7 15. O-O-O Bg6 16. Qc6 Qf5 17. Nxg6+ hxg6 18. Rd2 g5 19. e4 Qh7 20. h3 Rac8
21. e5 g4 22. d5 Qh6 23. dxe6 Qxe6 24. exd6+ cxd6 25. Qb7 Rb8 26. Qg2 gxh3 27.
Qh2 Qxc4 28. Re3+ Kd8 29. Qxd6 Qc7 30. Qf6+ 1-0

[Event "Top 16"]
[Site "Clichy"]
[Date "2009.03.22"]
[Round "3.6"]
[White "Pelletier, Y."]
[Black "Housieaux, D."]
[Result "1/2-1/2"]
[ECO "A17"]
[WhiteElo "2560"]
[BlackElo "2419"]
[PlyCount "86"]
[EventDate "2009.??.??"]
[TimeControl "6000"]

1. Nf3 e6 2. c4 Nf6 3. Nc3 Bb4 4. Qb3 c5 5. g3 O-O 6. Bg2 Nc6 7. O-O Qe7 8. d3
h6 9. e3 Rd8 10. a3 Ba5 11. Qc2 d5 12. cxd5 exd5 13. Na4 Bf5 14. Nxc5 Rac8 15.
Nb3 Bb6 16. Qd1 a5 17. Re1 Qd7 18. Bd2 a4 19. Nc1 Bg4 20. h3 Bxh3 21. Qxa4 Bg4
22. Qb3 Bc7 23. Ne2 Bxf3 24. Bxf3 Qf5 25. Kg2 Ne4 26. Qd1 Ng5 27. Ng1 Ne5 28.
e4 dxe4 29. Bxe4 Nxe4 30. dxe4 Qe6 31. Qe2 Nd3 32. Red1 Nxb2 33. Rdc1 Nd3 34.
Rc3 Be5 35. Rxc8 Qxc8 36. Rd1 Nb2 37. Rc1 Qe6 38. Bb4 Bf6 39. Nf3 Nd3 40. Rd1
Nxb4 41. Rxd8+ Bxd8 42. axb4 Be7 43. b5 Bc5 1/2-1/2

[Event "Top 16"]
[Site "Clichy"]
[Date "2009.03.22"]
[Round "3.7"]
[White "Nguyen, C.M."]
[Black "Maze, S."]
[Result "1-0"]
[ECO "A43"]
[WhiteElo "2429"]
[BlackElo "2578"]
[PlyCount "85"]
[EventDate "2009.??.??"]
[TimeControl "6000"]

1. d4 e6 2. c4 c5 3. d5 exd5 4. cxd5 d6 5. Nc3 g6 6. e4 Bg7 7. h3 Nf6 8. Nf3 a6
9. a4 Nbd7 10. Bg5 O-O 11. Nd2 Re8 12. Be2 Qc7 13. O-O Nf8 14. Rc1 N6d7 15. Kh1
h6 16. Be3 b6 17. f4 f5 18. b4 Bb7 19. a5 Qb8 20. bxc5 bxc5 21. Nc4 Bxc3 22.
Rxc3 Rxe4 23. Rb3 Ra7 24. Qd3 Qc7 25. Bf3 Re7 26. g4 fxg4 27. hxg4 Ba8 28. Rb6
Rb7 29. Rxa6 Qb8 30. Rxd6 Rb3 31. Rxg6+ Kh7 32. Rxh6+ Kxh6 33. Qf5 Ng6 34. Qg5+
Kg7 35. f5 Rb1 36. Qh6+ Kg8 37. Qxg6+ Rg7 38. Qe6+ Kh8 39. Rxb1 Qxb1+ 40. Kg2
Qa2+ 41. Nd2 Rxg4+ 42. Kf2 Rg7 43. f6 1-0